 Dungeon Crawl Stone Soup version 0.32-a0-607-g64ea0e4219 (webtiles) character file.

Game seed: 18111326868446566501

116 dolemite99 the Digger (level 5, -8/37 HPs)
             Began as a Gnoll Earth Elementalist on Mar 4, 2024.
             Was a Believer of Kikubaaqudgha.
             Mangled by a crocodile (13 damage)
             ... in a sewer.
             The game lasted 00:02:18 (2936 turns).

dolemite99 the Digger (Gnoll Earth Elementalist)    Turns: 2936, Time: 00:02:19

Health: -8/37      AC:  2    Str:  8    XL:     5   Next: 1%
Magic:  6/12       EV: 13    Int: 16    God:    Kikubaaqudgha [**....]
Gold:   168        SH:  0    Dex: 12    Spells: 10/14 levels left

rFire   . . .        k - +0 trident
rCold   . . .        (no shield)
rNeg    . . .        a - +0 robe
rPois   .            (no helmet)
rElec   .            (no cloak)
rCorr   .            (no gloves)
SInv    .            (no boots)
Will    .....        (no amulet)
Stlth   +++          (no ring)
HPRegen 0.26/turn    (no ring)
MPRegen 0.13/turn

%: no passive effects
@: no status effects
A: fangs 1, strong nose, distributed training
a: Renounce Religion, Unearth Wretches


You were in a sewer.
You worshipped Kikubaaqudgha.
Kikubaaqudgha was pleased with you.
You visited 1 branch of the dungeon, and saw 3 of its levels.
You also visited: Sewer.

You collected 168 gold pieces.

Inventory:

Hand Weapons
 c - a +1 mace of protection
 k - a +0 trident (weapon)
 n - a +1 dagger of holy wrath
Missiles
 m - 2 boomerangs
Armour
 a - a +0 robe (worn)
 h - the +9 plate armour of Lesser Demons {rN+ Int+4}
   (You found it on level 2 of the Dungeon)

   Int+4:     It affects your intelligence (+4).
   rN+:       It protects you from negative energy.
Jewellery
 j - a ring of magical power
Scrolls
 d - 2 scrolls of identify {unknown}
 i - a scroll of vulnerability {unknown}
 o - 2 scrolls of amnesia {unknown}
Potions
 b - a potion of magic
 e - a potion of attraction {unknown}
 f - 2 potions of degeneration {unknown}
 g - 3 potions of might {unknown}
 l - a potion of enlightenment {unknown}
 p - a potion of haste {unknown}


   Skills:
 + Level 1.3 Fighting
 + Level 1.3 Short Blades
 + Level 1.3 Long Blades
 + Level 1.3 Axes
 + Level 1.3 Maces & Flails
 + Level 1.3 Polearms
 + Level 1.3 Staves
 + Level 1.3 Ranged Weapons
 + Level 1.3 Throwing
 + Level 1.3 Armour
 + Level 4.7 Dodging
 + Level 4.3 Stealth
 + Level 1.3 Shields
 + Level 1.3 Unarmed Combat
 + Level 5.1 Spellcasting
 + Level 2.3 Conjurations
 + Level 1.1 Hexes
 + Level 1.1 Summonings
 + Level 1.1 Necromancy
 + Level 1.1 Translocations
 + Level 1.1 Fire Magic
 + Level 1.1 Ice Magic
 + Level 1.1 Air Magic
 + Level 5.5 Earth Magic
 + Level 1.1 Alchemy
 + Level 1.5 Invocations
 + Level 1.3 Evocations
 + Level 1.2 Shapeshifting


You had 10 spell levels left.
You knew the following spells:

 Your Spells              Type           Power      Damage    Failure   Level
a - Sandblast             Erth           42%        2d11      1%          1
b - Stone Arrow           Conj/Erth      32%        3d9       9%          3

Your spell library contained the following spells:

 Spells                   Type           Power      Damage    Failure   Level
 Passwall                 Erth           21%        N/A       4%          3
 Necrotise                Necr           28%        1d5       10%         1
 Jinxbite                 Hex            14%        N/A       14%         2
 Mercury Vapours          Alch/Air       14%        N/A       14%         2
 Sublimation of Blood     Necr           7%         N/A       14%         2
 Mephitic Cloud           Conj/Alch/Air  9%         N/A       24%         3
 Vampiric Draining        Necr           7%         2d6       28%         3
 Brom's Barrelling Bould  Conj/Erth      16%        2d4       30%         4
 Petrify                  Alch/Erth      14%        N/A       36%         4
 Animate Dead             Necr           7%         N/A       67%         4
 Freezing Cloud           Conj/Ice/Air   4%         6-21      92%         5
 Yara's Violent Unravell  Hex/Alch       3%         3d4       95%         5
 Enfeeble                 Hex            3%         N/A       100%        7


Dungeon Overview and Level Annotations

Branches:
Dungeon (3/15)              Sewer (1/1)

Altars:
Kikubaaqudgha


Innate Abilities, Weirdness & Mutations

You have very sharp teeth.
Your uncanny sense of smell can sniff out nearby items.
Your experience applies equally to all skills.


Message History

Press: ? - help, Shift-Dir - straight line, f/p - crocodile
Aim: a crocodile (43% to hit)
You throw a boomerang.
The boomerang hits the crocodile but does no damage.
Casting: Sandblast (safe; 1% risk of failure)
Confirm with . or Enter, or press ? or * to list all spells.
Aiming: Sandblast (safe; 1% risk of failure)
Press: ? - help, Shift-Dir - straight line, f/p - crocodile
Aim: a crocodile (79% to hit)
The blast of sand hits the crocodile!
The crocodile is heavily wounded.
The crocodile bites you. The crocodile drags you backwards!
The crocodile bites you!
Found a ring mail.
Casting: Sandblast (safe; 1% risk of failure)
Confirm with . or Enter, or press ? or * to list all spells.
Aiming: Sandblast (safe; 1% risk of failure)
Press: ? - help, Shift-Dir - straight line, f/p - crocodile
Aim: a crocodile (heavily wounded, 79% to hit)
The blast of sand misses the crocodile.
The crocodile misses you.
Casting: Sandblast (safe; 1% risk of failure)
Confirm with . or Enter, or press ? or * to list all spells.
Aiming: Sandblast (safe; 1% risk of failure)
Press: ? - help, Shift-Dir - straight line, f/p - crocodile
Aim: a crocodile (heavily wounded, 79% to hit)
The blast of sand hits the crocodile.
The crocodile is severely wounded.
The crocodile bites you!
* * * LOW HITPOINT WARNING * * *
The crocodile misses you.
Casting: Sandblast (safe; 1% risk of failure)
Confirm with . or Enter, or press ? or * to list all spells.
Aiming: Stone Arrow (dangerous; 9% risk of failure)
Press: ? - help, Shift-Dir - straight line, f/p - crocodile
Aim: a crocodile (severely wounded, 60% to hit)
The stone arrow hits the crocodile!
The crocodile is almost dead.
The crocodile bites you!
You die...
Kikubaaqudgha rasps: You have failed me!
Welcome... death!

###### ### ##....~.##
#)) ###..~~~~....###
[~##..... #..~..##
###~~~.~# #.~...
#.~...~## ##~~~~
#l@.~~### ###~..~.
#$~##.....####.....##
#[∆ ###...~~.....###
# ###....~.###
########


You could see a crocodile.

Vanquished Creatures
  4 adders
  A gnoll (D:1)
  3 river rats (D:3)
  A dart slug (D:1)
  4 ball pythons
  2 endoplasms
  A giant cockroach (D:2)
  4 goblins
  2 hobgoblins
  2 jackals (Sewer)
  9 kobolds
  A quokka (D:1)
  3 bats
  A frilled lizard (D:1)
  6 rats
44 creatures vanquished.

Notes
Turn   | Place    | Note
-------+----------+-------------------------------------------
     0 | D:1      | dolemite99 the Gnoll Earth Elementalist began the quest for
                  | the Orb.
     0 | D:1      | Reached XP level 1. HP: 13/13 MP: 6/6
   157 | D:1      | You fall into a shaft and drop 1 floor!
   191 | D:2      | Reached XP level 2. HP: 16/20 MP: 1/7
   616 | D:2      | Identified the +2 ring mail of Ycsibirr {Will++ Regen+}
   821 | D:2      | Reached skill level 5 in Spellcasting
   821 | D:2      | Reached XP level 3. HP: 25/25 MP: 5/9
   899 | D:2      | Identified the +9 plate armour of Lesser Demons {rN+ Int+4}
  1127 | D:1      | Found a faded altar of an unknown god.
  1193 | D:1      | Prayed at the altar of an unknown god.
  1193 | D:1      | Became a worshipper of Kikubaaqudgha
  1193 | D:1      | Reached * piety under Kikubaaqudgha
  1193 | D:1      | Received a gift from Kikubaaqudgha
  1493 | D:1      | Reached skill level 1 in Invocations
  1524 | D:1      | Reached skill level 1 in Fighting
  1524 | D:1      | Reached skill level 1 in Short Blades
  1524 | D:1      | Reached skill level 1 in Long Blades
  1524 | D:1      | Reached skill level 1 in Axes
  1524 | D:1      | Reached skill level 1 in Maces & Flails
  1524 | D:1      | Reached skill level 1 in Polearms
  1524 | D:1      | Reached skill level 1 in Staves
  1524 | D:1      | Reached skill level 1 in Ranged Weapons
  1524 | D:1      | Reached skill level 1 in Throwing
  1524 | D:1      | Reached skill level 1 in Armour
  1524 | D:1      | Reached skill level 1 in Shields
  1524 | D:1      | Reached skill level 1 in Unarmed Combat
  1524 | D:1      | Reached skill level 1 in Evocations
  2011 | D:1      | Reached skill level 1 in Shapeshifting
  2011 | D:1      | Reached XP level 4. HP: 32/32 MP: 9/11
  2289 | D:3      | Learned a level 3 spell: Stone Arrow
  2314 | D:3      | Reached skill level 1 in Hexes
  2314 | D:3      | Reached skill level 1 in Summonings
  2314 | D:3      | Reached skill level 1 in Necromancy
  2314 | D:3      | Reached skill level 1 in Translocations
  2314 | D:3      | Reached skill level 1 in Fire Magic
  2314 | D:3      | Reached skill level 1 in Ice Magic
  2314 | D:3      | Reached skill level 1 in Air Magic
  2314 | D:3      | Reached skill level 1 in Alchemy
  2426 | D:3      | Found a glowing drain.
  2545 | Sewer    | Entered a sewer
  2629 | Sewer    | Reached ** piety under Kikubaaqudgha
  2632 | Sewer    | Reached XP level 5. HP: 37/37 MP: 6/12
  2927 | Sewer    | Noticed a crocodile
  2936 | Sewer    | Mangled by a crocodile

Illustrated notes

Levels and vault maps discovered:
D:1:      evilmike_arrival_crescent, layout_basic,
          shapermc_ecumenical_altar_totnotflames, hangedman_decor_opposing,
          minmay_pentomino_q2
D:2:      layout_basic
D:3:      layout_basic, lemuel_tele_altar, serial_shops, shop,
          portal_sewer_entry_c, minmay_puff, uniq_terence
Sewer:    sewer_the_crocodile

Skill      XL: |  1  2  3  4 |
---------------+-------------+-----
Conjurations   | 2 |  2.3
Spellcasting   | 5 |  5.1
Invocations    | 1 |  1.5
Fighting       | 1 |  1.3
Short Blades   | 1 |  1.3
Long Blades    | 1 |  1.3
Axes           | 1 |  1.3
Maces & Flails | 1 |  1.3
Polearms       | 1 |  1.3
Staves         | 1 |  1.3
Ranged Weapons | 1 |  1.3
Throwing       | 1 |  1.3
Armour         | 1 |  1.3
Shields        | 1 |  1.3
Unarmed Combat | 1 |  1.3
Evocations     | 1 |  1.3
Shapeshifting  | 1 |  1.2
Hexes          | 1 |  1.1
Summonings     | 1 |  1.1
Necromancy     | 1 |  1.1
Translocations | 1 |  1.1
Fire Magic     | 1 |  1.1
Ice Magic      | 1 |  1.1
Air Magic      | 1 |  1.1
Alchemy        | 1 |  1.1
Dodging        | |  4.7
Stealth        | |  4.3
Earth Magic    | |  5.5

Action                     |  1- 3 |  4- 6 || total
---------------------------+-------+-------++-------
  Melee: Mace              |     1 |       ||     1
         Trident           |       |     6 ||     6
         Bite              |       |     1 ||     1
  Throw: Boomerang         |       |     2 ||     2
   Cast: Sandblast         |    35 |    30 ||    65
         Stone Arrow       |       |     1 ||     1
 Armour: Robe              |     8 |    10 ||    18
  Dodge: Dodged            |    17 |    23 ||    40

Table legend: (Time is in decaauts)
 A = Elapsed time spent in this place.
 B = Non-inter-level travel time spent in this place.
 C = Inter-level travel time spent in this place.
 D = Time resting spent in this place.
 E = Time spent auto-exploring this place.
 F = Levels seen in this place.
 G = Mean time per level.
                   A        B        C        D        E       F      G
               +--------+--------+--------+--------+--------+-----+--------+
         Total |   2976 |   2895 |     81 |    879 |   1637 |   4 |  744.0 |
       Dungeon |   2575 |   2494 |     81 |    631 |   1516 |   3 |  858.3 |
         Sewer |    401 |    401 |      0 |    248 |    120 |   1 |  401.0 |
               +--------+--------+--------+--------+--------+-----+--------+

Top non-repeatable levels by time:
     D:1: 1265 daAuts
     D:2: 985 daAuts
   Sewer: 401 daAuts
     D:3: 324 daAuts
